 Dungeon Crawl Stone Soup version 0.21.0-24-g2553a33 (webtiles) character file.

412513 tself55 the Slayer (level 24, 0/208 HPs)
             Began as a Human Berserker on Jan 21, 2018.
             Was the Champion of Trog.
             Killed from afar by a battlesphere (5 damage)
             ... created by a tengu reaver
             ... on level 4 of the Depths.
             The game lasted 01:27:41 (54712 turns).

tself55 the Slayer (Human Berserker)               Turns: 54712, Time: 01:27:43

Health: 0/208      AC: 27    Str: 28    XL:     24   Next: 67%
Magic:  23/23      EV: 22    Int:  9    God:    Trog [******]
Gold:   3097       SH: 16    Dex: 26    Spells: 23/23 levels left

rFire    + + +     SeeInvis +   g - +9 broad axe of Uscho {elec, MR+++ Int-5 Dex+4}
rCold    + + +     Gourm    .   K - +5 buckler of Louph {MR++ rCorr Int-3 SInv}
rNeg     . . .     Faith    .   T - +1 plate armour {rF+}
rPois    +         Spirit   .   t - +1 helmet
rElec    .         Reflect  +   W - +1 cloak {rC+}
rCorr    +         Harm     .   w - +1 pair of gloves of Haoploaq {rC++}
MR       +++++                  v - +2 pair of boots {run}
Stlth    ..........             Z - amulet "Jiresum" {Reflect Str+2 Int+4 SH+3}
HPRegen  1.44/turn              j - ring "Waz Wudwiam" {*Drain +Fly rF++ Dex+7}
MPRegen  0.18/turn              n - ring "Ahioxych" {rPois MR+ Int+4}

@: corroded, regenerating, hasted, drained, very quick
A: no striking features
}: 2/15 runes: barnacled, gossamer
a: Berserk, Trog's Hand, Brothers in Arms, Burn Spellbooks, Renounce Religion,
Evoke Flight


You were on level 4 of the Depths.
You worshipped Trog.
Trog was exalted by your worship.
You were not hungry.

You visited 7 branches of the dungeon, and saw 39 of its levels.
You also visited: Ice Cave and Volcano.

You collected 4425 gold pieces.
You spent 1328 gold pieces at shops.

Inventory:

Hand Weapons
 a - a +8 battleaxe of flaming
 b - a +4 antimagic battleaxe
 g - the +9 broad axe of Uscho (weapon) {elec, MR+++ Int-5 Dex+4}
   (Trog gifted it to you on level 1 of the Shoals)

   Occasionally, upon striking a foe, it will discharge some electrical energy
   and cause terrible harm.
   It affects your intelligence (-5).
   It affects your dexterity (+4).
   It affects your resistance to hostile enchantments.
 F - a +0 blowgun
 S - a +2 antimagic battleaxe
Missiles
 O - 8 curare-tipped needles
Armour
 t - a +1 helmet (worn)
 v - a +2 pair of boots of running (worn)
 w - the +1 pair of gloves of Haoploaq (worn) {rC++}
   (You acquired it on level 14 of the Dungeon)

   It greatly protects you from cold.
 K - the +5 buckler of Louph (worn) {MR++ rCorr Int-3 SInv}
   (You acquired it on level 15 of the Dungeon)

   It affects your intelligence (-3).
   It affects your resistance to hostile enchantments.
   It lets you see invisible.
   It protects you from acid and corrosion.
 T - a +1 plate armour of fire resistance (worn)
 W - a +1 cloak of cold resistance (worn)
Jewellery
 j - the ring "Waz Wudwiam" (left hand) {*Drain +Fly rF++ Dex+7}
   (You found it on level 8 of the Dungeon)

   [ring of flight]

   It affects your dexterity (+7).
   It greatly protects you from fire.
   It lets you fly.
   It causes draining when unequipped.
 l - an uncursed ring of resist corrosion
 n - the ring "Ahioxych" (right hand) {rPois MR+ Int+4}
   (You bought it in a shop on level 1 of the Orcish Mines)

   [ring of protection from magic]

   It affects your intelligence (+4).
   It protects you from poison.
   It affects your resistance to hostile enchantments.
 Z - the amulet "Jiresum" (around neck) {Reflect Str+2 Int+4 SH+3}
   (You bought it in a shop on level 1 of the Orcish Mines)

   [amulet of reflection]

   It shields you and reflects attacks.
   It affects your strength (+2).
   It affects your intelligence (+4).
   It affects your SH (+3).
Wands
 q - a wand of disintegration (13)
 r - a wand of polymorph (18)
 y - a wand of flame (99)
 C - a wand of digging (46)
 E - a wand of paralysis (11)
 I - a wand of iceblast (54)
 Q - a wand of scattershot (5)
 U - a wand of acid (36)
 X - a wand of enslavement (14)
Scrolls
 d - 7 scrolls of fog
 o - 4 scrolls of fear
 D - 12 scrolls of remove curse
 G - 5 scrolls of teleportation
 H - a scroll of identify
 J - a scroll of blinking
 N - 6 scrolls of enchant armour
 P - 3 scrolls of summoning
Potions
 e - 4 potions of agility
 f - 8 potions of curing
 h - a potion of resistance
 i - a potion of invisibility {unknown}
 m - 3 potions of mutation
 p - 7 potions of haste
 s - 5 potions of brilliance
 u - 6 potions of flight
 x - 4 potions of might
 z - a potion of magic {unknown}
 B - 2 potions of cancellation
 M - 8 potions of ambrosia
Miscellaneous
 k - a phantom mirror
Comestibles
 c - 47 rations
 A - 2 chunks of flesh


   Skills:
 * Level 21.4(20.4) Fighting
 - Level 20.0(19.0) Axes
 + Level 19.7(18.7) Armour
 + Level 16.8(15.9) Dodging
 + Level 8.9(8.1) Shields


You had 23 spell levels left.
You didn't know any spells.

Dungeon Overview and Level Annotations

Branches:
Dungeon (15/15)            Temple (0/1) D:7            Lair (6/6) D:10
 Shoals (4/4) Lair:4       Spider (4/4) Lair:4        Slime (0/5) Lair:5
    Orc (2/2) D:9             Elf (0/3) Orc:2        Vaults (4/5) D:13
  Crypt (0/3) Vaults:2     Depths (4/5) D:15

Altars:
Cheibriados
Makhleb
Okawaru
Qazlal
Xom
Zin

Shops:
Orc:1 *(=   Orc:2 :[::   Vaults:2 =   Depths:4 }=}

Portals:
Hell: Depths:1 Depths:3
Abyss: Depths:4
Pandemonium: Depths:3
Ziggurat: Depths:1

Annotations:
Shoals:1 exclusion: Roxanne, Roxanne
Depths:1 exclusions: ancient lich and 3 more exclusions


Message History

You feel yourself speed up.
You feel sick. You block the tengu reaver's attack.
The tengu reaver pecks you but does no damage.
The tengu reaver closely misses you.
Your skin crawls.
You feel resistant to hostile enchantments.
You feel somewhat more hungry.
You feel better.
The tengu reaver hits you with a great mace of crushing!!
* * * LOW HITPOINT WARNING * * *
x2 The tengu reaver pecks you but does no damage.
You block the tengu reaver's attack.
You feel better.
You feel better.
The tengu reaver points at you and mumbles some strange words.
The bolt of acid hits you! You resist.
* * * LOW HITPOINT WARNING * * *
You are splashed with acid!
The acid burns!
You resist.
* * * LOW HITPOINT WARNING * * *
The battlesphere fires!
The barrage of energy hits you!
You die...

#.# #.# #.# #.# #.# #.# #.# '.'
#.# #.# #.# #.# #.# #.######.#
#.######*#....#.#
#.#..[.'C*.e..#.# #.#....#Q# #.#
#.#=..*#@# #.# #.######.######.#
#.#≈≈≈≈⌠.*.....≈#
#.####################
#########.###############....#
#............................#
###########..############..###
###########.)############..#####
#................................


You could see a tengu reaver, an ettin, 2 lost souls and a battlesphere.

Vanquished Creatures
  An ancient lich (Depths:1)
  Margery (Depths:3)
  Xtahua (Vaults:2)
  Saint Roka (Orc:2)
  A caustic shrike (Depths:4)
  Nikola (Spider:1)
  The ghost of Helmschank the Executioner, an adept HOFi of Okawaru (Vaults:2)
  Jorgrun (Depths:3)
  Rupert (Lair:5)
  A tentacled monstrosity (Depths:4)
  An Ice Fiend (IceCv)
  A lich (Depths:1)
  Asterion (Vaults:1)
  4 sphinxes
  2 storm dragons
  Agnes (Spider:3)
  2 tengu reavers
  Ilsuiw (Shoals:4)
  2 frost giants (Depths:3)
  3 fire giants
  4 ghost moths
  3 deep elf sorcerers
  5 emperor scorpions
  Aizul (Shoals:3)
  An iron dragon (Depths:4)
  10 vault wardens
  A curse skull (Vaults:2)
  The ghost of ws the Protected, a journeyman FoBe of Trog (Lair:6)
  A ghoul (Vaults:3)
  A balrug (Depths:1)
  20 very ugly things
  13 ironheart preservers
  2 spriggan defenders (Depths:3)
  8 stone giants
  A juggernaut skeleton (Depths:4)
  9 entropy weavers
  8 vampire knights (Depths:1)
  The ghost of talkingcatjazzcat the Destroyer, a journeyman DrCj of Vehumet (Lair:5)
  A spark wasp (Spider:3)
  The ghost of BecksGhost the Basher, a journeyman MiFi of Gozag (Orc:1)
  A spark wasp (shapeshifter) (D:15)
  A merfolk javelineer (Shoals:4)
  An eidolon (Vaults:2)
  7 ettins
  9 fire dragons
  A deep elf death mage (Vaults:2)
  Azrael (Spider:1)
  2 jiangshi (Depths:1)
  Josephine (Lair:5)
  5 yaktaur captains
  Erolcha (D:10)
  9 merfolk impalers
  14 ogre magi
  10 vault guards
  2 rakshasas
  2 great orbs of eyes (Vaults:3)
  9 ice dragons
  2 alligator snapping turtles
  A hydra (Lair:5)
  A juggernaut simulacrum (Depths:4)
  A catoblepas (Lair:5)
  11 centaur warriors
  A merfolk avatar (Shoals:4)
  A spriggan air mage (Depths:3)
  A merfolk aquamancer (Shoals:4)
  40 two-headed ogres
  A dancing weapon (Volcano)
  4 death knights
  A satyr (shapeshifter) (Depths:3)
  3 deep troll shamans
  9 deep troll earth magi
  3 tengu warriors (Depths:1)
  4 vampire magi
  4 orc high priests
  Nergalle (Lair:1)
  3 spriggan berserkers (Depths:4)
  Sonja (Lair:1)
  3 soul eaters (Depths:1)
  7 deep elf knights
  2 sun demons (Depths:1)
  10 skeletal warriors
  An iron troll (D:13)
  4 glowing orange brains
  3 hell knights (Depths:3)
  10 sea snakes
  A shadow wraith (Vaults:4)
  A salamander mystic (Depths:3)
  11 wizards
  4 unseen horrors
  25 deep trolls
  An unseen horror (shapeshifter) (Depths:1)
  A kraken simulacrum (Shoals:4)
  5 flayed ghosts
  6 deep elf archers
  A lindwurm (Lair:6)
  20 harpies
  18 ironbrand convokers
  Pikel (D:9)
  A harpy (shapeshifter) (Vaults:1)
  20 orc knights
  An orb spider (shapeshifter) (Depths:1)
  17 orb spiders
  34 wolf spiders
  14 deep elf magi
  5 necromancers
  A stone giant zombie (Depths:1)
  4 fauns (Shoals:1)
  5 cyclopes
  8 orc sorcerers
  5 salamanders
  59 ugly things
  A sphinx skeleton (Depths:4)
  4 elephants (Lair:4)
  6 manticores
  3 moths of wrath
  Maurice (Orc:2)
  7 merfolk sirens
  12 vault sentinels
  5 toenail golems (Volcano)
  A guardian serpent (Lair:6)
  2 water nymphs (Shoals:4)
  5 black mambas
  5 torpor snails
  An ice statue (IceCv)
  18 spiny frogs
  Psyche (D:10)
  Joseph (D:7)
  5 gargoyles
  3 kobold demonologists (D:15)
  10 freezing wraiths
  3 rime drakes
  3 komodo dragons
  6 ice devils (IceCv)
  30 yaktaurs
  3 golden dragon simulacra (IceCv)
  4 anaconda simulacra (IceCv)
  14 demonic crawlers
  A queen bee (D:12)
  2 tengu conjurers (Depths:1)
  A polar bear (shapeshifter) (D:15)
  23 jumping spiders
  12 merfolk
  9 trolls
  5 wind drakes
  3 polar bears
  A deep troll zombie (Depths:1)
  12 hornets
  Grinder (D:4)
  4 tyrant leeches (Depths:1)
  A jumping spider (shapeshifter) (Depths:4)
  9 dream sheep
  An ettin zombie (Depths:1)
  8 blink frogs
  15 hippogriffs
  10 slime creatures
  2 spriggan zombies (Depths:1)
  An ice dragon zombie (Depths:1)
  9 snapping turtles
  A redback (shapeshifter) (D:14)
  85 redbacks
  A shadow (D:14)
  4 centaur simulacra
  6 water elementals
  27 tarantellas
  A spriggan (Depths:4)
  21 yaks
  A fire bat (shapeshifter) (Vaults:4)
  A hog (shapeshifter) (D:15)
  5 wraiths
  A wyvern (shapeshifter) (Vaults:2)
  14 wyverns
  A dire elephant simulacrum (IceCv)
  2 fire elementals (Spider:1)
  3 basilisks
  The ghost of reptisaurus the Chopper, an amateur MiWr of Kikubaaqudgha (D:4)
  7 hungry ghosts
  A steam dragon (D:10)
  Menkaure (D:5)
  11 wargs
  12 soldier ants
  2 harpy simulacra (IceCv)
  6 iron troll simulacra (IceCv)
  Edmund (D:4)
  5 hell hounds
  21 water moccasins
  9 porcupines
  2 hydra simulacra (IceCv)
  4 acid dragons
  2 black bears (shapeshifter)
  46 orc warriors
  5 ice beasts
  An ettin simulacrum (IceCv)
  3 sky beasts
  An eye of draining (shapeshifter) (Vaults:4)
  A phantom (D:11)
  3 slaves
  An eye of draining (D:11)
  A fire dragon simulacrum (Depths:1)
  9 wolves
  A boggart (Vaults:1)
  A necrophage (D:6)
  22 centaurs
  26 ogres
  19 crocodiles
  6 big kobolds
  A gnoll sergeant (D:11)
  4 earth elementals (Depths:1)
  21 bullfrogs
  2 wyvern zombies
  A wyvern skeleton (D:10)
  4 scorpions
  9 killer bees (D:12)
  A howler monkey (shapeshifter) (Vaults:1)
  17 wights
  5 electric eels
  2 howler monkeys
  7 crimson imps
  4 bullfrog zombies
  4 centaur zombies
  11 jellies
  21 orc priests
  10 hounds
  4 centaur skeletons
  4 bullfrog skeletons
  6 iguanas
  Natasha (twice) (D:3)
  36 orc wizards
  2 polar bear simulacra (IceCv)
  23 worker ants
  6 troll simulacra (IceCv)
  A spriggan simulacrum (IceCv)
  A wolf simulacrum (IceCv)
  2 hound zombies
  3 hound skeletons
  A worker ant zombie (D:10)
  4 gnolls (D:11)
  5 naga simulacra (IceCv)
  9 adders
  2 ogre simulacra (IceCv)
  6 shadow imps
  4 white imps
  6 ufetubi (IceCv)
  An ooze (D:3)
  3 adder zombies
  2 adder skeletons
  2 dart slugs
  7 leopard geckos
  141 orcs
  5 giant cockroaches
  11 hobgoblins
  24 jackals
  4 quokkas
  4 bats
  7 frilled lizards
  6 goblins
  26 kobolds
  7 rats
  2 crawling corpses (Depths:4)
  5 fungi
  13 plants
1808 creatures vanquished.

Vanquished Creatures (collateral kills)
  the Enchantress (Depths:3)
  A vault warden (Vaults:4)
  3 emperor scorpions
  A spriggan defender (Depths:3)
  An entropy weaver (Spider:1)
  2 merfolk impalers (Shoals:4)
  2 hydras
  A merfolk aquamancer (Shoals:4)
  A two-headed ogre (D:12)
  A spriggan berserker (Depths:3)
  A skeletal warrior (D:15)
  An orb spider (Spider:4)
  A wolf spider (Spider:1)
  2 freezing wraiths
  A demonic crawler (Spider:1)
  A jumping spider (Spider:1)
  A spriggan (Depths:3)
  A redback (Spider:4)
  11 soldier ants (Spider:1)
  A porcupine (Lair:2)
  A hell hound (Spider:1)
  An orc warrior (D:12)
  A bullfrog (D:12)
  A wight (D:12)
  An orc priest (D:12)
  An orc wizard (D:12)
  A worker ant (Spider:1)
  An adder (D:12)
  2 orcs (D:12)
45 creatures vanquished.

Vanquished Creatures (others)
  An ironheart preserver (Vaults:1)
  A stone giant (Depths:3)
  A yaktaur captain (Vaults:4)
  A queen ant (Spider:1)
  An ironbrand convoker (Vaults:1)
  A wolf spider (Spider:1)
  3 yaktaurs
  A tengu conjurer (Depths:1)
  A redback (Spider:1)
  A soldier ant (Spider:1)
  A centaur (Shoals:4)
  An orc priest (Orc:2)
  An orc wizard (Orc:2)
  A worker ant (Spider:1)
  3 ball lightnings (Lair:5)
  An orc (Vaults:4)
  12 fungi (Lair:6)
  30 plants
  12 tentacles (Shoals:4)
74 creatures vanquished.

Grand Total: 1927 creatures vanquished

Notes
Turn   | Place    | Note
-------+----------+-------------------------------------------
     0 | D:1      | tself55 the Human Berserker began the quest for the Orb.
     0 | D:1      | Reached XP level 1. HP: 18/18 MP: 1/1
    82 | D:1      | Reached XP level 2. HP: 10/24 MP: 2/2
   925 | D:1      | Reached XP level 3. HP: 20/29 MP: 3/3
  1237 | D:2      | Reached XP level 4. HP: 35/35 MP: 4/4
  1238 | D:2      | Reached ** piety under Trog
  1932 | D:3      | Reached XP level 5. HP: 29/42 MP: 5/5
  2231 | D:3      | Reached skill level 4 in Fighting
  2231 | D:3      | Reached skill level 5 in Axes
  2336 | D:3      | Reached XP level 6. HP: 43/48 MP: 6/6
  2382 | D:3      | Noticed Natasha
  2402 | D:3      | Killed Natasha
  2569 | D:3      | Reached *** piety under Trog
  2825 | D:3      | Noticed Natasha
  2853 | D:3      | Killed Natasha
  3275 | D:4      | Noticed Grinder
  3296 | D:4      | Noticed reptisaurus's ghost (amateur MiWr)
  3298 | D:4      | Reached XP level 7. HP: 42/55 MP: 7/7
  3304 | D:4      | Killed Grinder
  3304 | D:4      | Reached skill level 5 in Fighting
  3316 | D:4      | Killed reptisaurus's ghost
  3316 | D:4      | Reached XP level 8. HP: 28/63 MP: 8/8
  3645 | D:4      | You fall through a shaft!
  3645 | D:5      | Entered Level 5 of the Dungeon
  3669 | D:5      | Got an ancient arbalest
  3676 | D:5      | Identified the +8 arbalest "Earthworm" {freeze, *Slow rF+ SInv} (You found it on level 5 of the Dungeon)
  4014 | D:4      | Noticed Edmund
  4029 | D:4      | Killed Edmund
  4029 | D:4      | Reached skill level 6 in Fighting
  4311 | D:4      | Found a burning altar of Makhleb.
  4566 | D:5      | Noticed Menkaure
  4575 | D:5      | Killed Menkaure
  4898 | D:5      | Reached **** piety under Trog
  4952 | D:5      | Reached XP level 9. HP: 66/71 MP: 9/9
  5360 | D:6      | Identified the Compendium of Black Secrets and Battle Magic
  5371 | D:6      | Reached skill level 7 in Fighting
  5734 | D:6      | Reached skill level 10 in Axes
  6238 | D:7      | Noticed Joseph
  6239 | D:7      | Noticed a hippogriff
  6248 | D:7      | Killed a hippogriff
  6253 | D:7      | Killed Joseph
  6253 | D:7      | Reached skill level 8 in Fighting
  6253 | D:7      | Reached XP level 10. HP: 79/79 MP: 10/10
  6738 | D:7      | Found a staircase to the Ecumenical Temple.
  6874 | D:7      | Found an iron altar of Okawaru.
  7354 | D:8      | Reached ***** piety under Trog
  7763 | D:8      | Noticed a two-headed ogre
  7763 | D:8      | Noticed a two-headed ogre
  7770 | D:8      | Killed a two-headed ogre
  7770 | D:8      | Reached skill level 9 in Fighting
  7772 | D:8      | Killed a two-headed ogre
  7772 | D:8      | Reached skill level 5 in Armour
  7772 | D:8      | Reached XP level 11. HP: 55/88 MP: 11/11
  8000 | D:8      | Got an ancient bronze ring
  8484 | D:9      | Noticed a two-headed ogre
  8493 | D:9      | Killed a two-headed ogre
  8556 | D:9      | Got a crude copper amulet
  8900 | D:9      | Noticed Pikel
  8924 | D:9      | Killed Pikel
  9047 | D:9      | Reached skill level 10 in Fighting
  9110 | D:9      | Found a staircase to the Orcish Mines.
  9358 | D:9      | Identified the ring "Waz Wudwiam" {*Drain +Fly rF++ Dex+7} (You found it on level 8 of the Dungeon)
  9384 | D:10     | Entered Level 10 of the Dungeon
  9487 | D:10     | Noticed Psyche
  9494 | D:10     | Killed Psyche
  9499 | D:10     | Found a shimmering altar of Xom.
  9659 | D:10     | Found a staircase to the Lair.
  9660 | D:10     | Noticed a brown ugly thing
  9666 | D:10     | Killed a brown ugly thing
  9666 | D:10     | Reached XP level 12. HP: 97/97 MP: 12/12
 10034 | D:10     | Identified the amulet of Dawn {Inacc MP-9 Int+7 Dex+2} (You found it on level 9 of the Dungeon)
 10407 | D:10     | Reached ****** piety under Trog
 10788 | D:10     | Noticed Erolcha
 10798 | D:10     | Killed Erolcha
 10838 | Lair:1   | Entered Level 1 of the Lair of Beasts
 10838 | Lair:1   | Noticed Sonja
 10844 | Lair:1   | Killed Sonja
 11158 | D:10     | Got a brightly glowing cloak
 11654 | Lair:1   | Noticed an eight-headed hydra
 11660 | Lair:1   | Killed a ten-headed hydra
 11660 | Lair:1   | Reached skill level 11 in Fighting
 11993 | Lair:1   | Found a glowing silver altar of Zin.
 12171 | Lair:1   | Noticed Nergalle
 12181 | Lair:1   | Killed Nergalle
 12310 | Lair:1   | Received a gift from Trog
 13267 | Lair:2   | Noticed a six-headed hydra
 13273 | Lair:2   | Killed a seven-headed hydra
 13273 | Lair:2   | Reached XP level 13. HP: 106/106 MP: 13/13
 13416 | Lair:2   | Reached skill level 15 in Axes
 14024 | Lair:3   | Identified the cursed -4 cloak "Gusina" {Stlth+} (You found it on level 10 of the Dungeon)
 14772 | Lair:4   | Found a hole to the Spider Nest.
 15461 | Lair:4   | Found a staircase to the Shoals.
 15590 | Lair:5   | Noticed a catoblepas
 15602 | Lair:5   | Killed a catoblepas
 15891 | Lair:5   | Reached skill level 12 in Fighting
 15925 | Lair:5   | Found a dark tunnel.
 15932 | Volcano  | Entered a volcano
 16039 | Volcano  | Reached skill level 10 in Armour
 16095 | Volcano  | Received a gift from Trog
 16215 | Volcano  | Reached XP level 14. HP: 61/116 MP: 14/14
 16536 | Lair:5   | Noticed talkingcatjazzcat's ghost (journeyman DrCj)
 16548 | Lair:5   | Killed talkingcatjazzcat's ghost
 16693 | Lair:5   | Noticed Josephine
 16698 | Lair:5   | Killed Josephine
 16771 | Lair:5   | Noticed Rupert
 16786 | Lair:5   | Killed Rupert
 16866 | Lair:5   | Found a staircase to the Slime Pits.
 17551 | Lair:6   | Entered Level 6 of the Lair of Beasts
 17620 | Lair:6   | Reached skill level 13 in Fighting
 19083 | Lair:6   | Noticed ws's ghost (journeyman FoBe)
 19092 | Lair:6   | Killed ws's ghost
 19166 | Lair:6   | Found a snail-covered altar of Cheibriados.
 19384 | Lair:6   | Received a gift from Trog
 19864 | Lair:6   | Reached XP level 15. HP: 91/124 MP: 15/15
 21172 | D:11     | Found a stormy altar of Qazlal.
 21881 | D:12     | Received a gift from Trog
 23186 | D:13     | Found a gate to the Vaults.
 24281 | D:13     | Identified a scroll of acquirement
 24282 | D:13     | Got a pair of ichor-stained boots
 24285 | D:13     | Identified the -3 pair of boots "Tajece" {rElec rCorr Str+2 Dex+2} (You acquired it on level 13 of the Dungeon)
 24487 | D:14     | Got a pair of transparent gloves
 24746 | D:14     | Reached skill level 14 in Fighting
 24865 | D:14     | Received a gift from Trog
 25278 | D:15     | Entered Level 15 of the Dungeon
 25752 | D:15     | Reached XP level 16. HP: 51/133 MP: 16/16
 25932 | D:15     | Found a staircase to the Depths.
 26678 | D:15     | Got an ancient buckler
 26878 | Orc:1    | Entered Level 1 of the Orcish Mines
 26983 | Orc:1    | Found Gan Piagg's Antique Weapon Emporium.
 27064 | Orc:1    | Paralysed by an orc sorcerer for 5 turns
 27176 | Orc:1    | Found Etsit's General Store.
 27186 | Orc:1    | Bought a potion of haste for 130 gold pieces
 27370 | Orc:1    | Noticed BecksGhost's ghost (journeyman MiFi)
 27371 | Orc:2    | Entered Level 2 of the Orcish Mines
 27386 | Orc:1    | Killed BecksGhost's ghost
 27616 | Orc:2    | Noticed Maurice
 27617 | Orc:2    | Received a gift from Trog
 27627 | Orc:2    | Killed Maurice
 27916 | Orc:2    | Noticed Saint Roka
 27959 | Orc:2    | Reached skill level 5 in Dodging
 27989 | Orc:2    | Killed Saint Roka
 28263 | Orc:2    | Found a staircase to the Elven Halls.
 28349 | Orc:2    | Found Wosat's Book Shop.
 28349 | Orc:2    | Found Kumok's Book Shoppe.
 28354 | Orc:2    | Found Fuzim's Book Shop.
 28354 | Orc:2    | Found Rizismu's Armour Shoppe.
 28611 | Orc:1    | Received a gift from Trog
 28697 | Orc:1    | Found Vanohuw's Jewellery Shoppe.
 28705 | Orc:1    | Bought the amulet "Jiresum" {Reflect Str+2 Int+4 SH+3} for 529 gold pieces
 28705 | Orc:1    | Bought the ring "Ahioxych" {rPois MR+ Int+4} for 669 gold pieces
 28888 | Spider:1 | Entered Level 1 of the Spider Nest
 29401 | Spider:1 | Reached XP level 17. HP: 128/140 MP: 17/17
 29599 | Spider:1 | Noticed Azrael
 29611 | Spider:1 | Killed Azrael
 30444 | Spider:1 | Noticed Nikola
 30461 | Spider:1 | Reached skill level 15 in Fighting
 30486 | Spider:1 | Killed Nikola
 30507 | Spider:1 | Received a gift from Trog
 32295 | Spider:3 | Found a frozen archway.
 32299 | IceCv    | Entered an ice cave
 33984 | IceCv    | Identified the +1 pair of gloves of Haoploaq {rC++} (You acquired it on level 14 of the Dungeon)
 34177 | IceCv    | Noticed an Ice Fiend
 34191 | IceCv    | Killed an Ice Fiend
 34251 | IceCv    | Identified a +2 pair of boots of running (You found it in an ice cave)
 34664 | Spider:3 | Reached XP level 18. HP: 125/149 MP: 18/18
 34665 | Spider:3 | Noticed Agnes
 34671 | Spider:3 | Killed Agnes
 34840 | Spider:3 | Received a gift from Trog
 36100 | Spider:4 | Entered Level 4 of the Spider Nest
 36721 | Spider:4 | Identified the +5 buckler of Louph {MR++ rCorr Int-3 SInv} (You acquired it on level 15 of the Dungeon)
 36831 | Spider:4 | Received a gift from Trog
 36834 | Spider:4 | Reached skill level 16 in Fighting
 38109 | Spider:4 | Reached skill level 15 in Armour
 38255 | Spider:4 | Reached skill level 10 in Dodging
 38756 | Spider:4 | Got a gossamer rune of Zot
 38946 | Shoals:1 | Entered Level 1 of the Shoals
 39224 | Shoals:1 | Reached XP level 19. HP: 92/159 MP: 19/19
 39749 | Shoals:1 | Noticed Roxanne
 39832 | Shoals:1 | Received a gift from Trog
 39835 | Shoals:1 | Got a smoking broad axe {god gift}
 40119 | Shoals:1 | Identified the +9 broad axe of Uscho {elec, MR+++ Int-5 Dex+4} (Trog gifted it to you on level 1 of the Shoals)
 40339 | Shoals:2 | Reached skill level 1 in Shields
 40365 | Shoals:3 | Noticed Aizul
 40379 | Shoals:3 | Killed Aizul
 40659 | Shoals:4 | Entered Level 4 of the Shoals
 40671 | Shoals:4 | Noticed Ilsuiw
 40697 | Shoals:4 | Killed Ilsuiw
 41345 | Shoals:4 | Received a gift from Trog
 41684 | Shoals:4 | Reached skill level 17 in Fighting
 42571 | Shoals:4 | Got a barnacled rune of Zot
 42901 | Vaults:1 | Entered Level 1 of the Vaults
 42988 | Vaults:1 | Noticed Asterion
 43014 | Vaults:1 | Killed Asterion
 43327 | Vaults:1 | Reached XP level 20. HP: 168/168 MP: 20/20
 43349 | Vaults:1 | Received a gift from Trog
 43556 | Vaults:1 | Received a gift from Trog
 44334 | Vaults:1 | Received a gift from Trog
 44547 | Vaults:1 | Reached skill level 18 in Fighting
 44579 | Vaults:1 | You fall through a shaft!
 44788 | Vaults:2 | Got a transparent ivory ring
 44940 | Vaults:2 | Reached XP level 21. HP: 72/177 MP: 21/21
 45267 | Vaults:2 | Found Ostroteos's Jewellery Emporium.
 45354 | Vaults:2 | Received a gift from Trog
 45981 | Vaults:2 | Noticed Xtahua
 45992 | Vaults:2 | Killed Xtahua
 46383 | Vaults:2 | Noticed Helmschank's ghost (adept HOFi)
 46410 | Vaults:2 | Killed Helmschank's ghost
 46697 | Vaults:2 | Found a staircase to the Crypt.
 47590 | Vaults:3 | Received a gift from Trog
 48007 | Vaults:3 | Reached skill level 19 in Fighting
 48070 | Vaults:3 | Reached XP level 22. HP: 166/187 MP: 22/22
 48551 | Vaults:3 | Received a gift from Trog
 48666 | Vaults:3 | Reached skill level 15 in Dodging
 49520 | Vaults:4 | Received a gift from Trog
 50125 | Vaults:4 | Identified the ring of Orthodoxy {rN++ Str+4 Int-4 SInv} (You found it on level 2 of the Vaults)
 50357 | Depths:1 | Entered Level 1 of the Depths
 50451 | Depths:1 | Reached skill level 5 in Shields
 50579 | Depths:1 | Reached XP level 23. HP: 172/196 MP: 23/23
 51015 | Depths:1 | Noticed an ancient lich
 51055 | Depths:1 | Killed an ancient lich
 51055 | Depths:1 | Received a gift from Trog
 51055 | Depths:1 | Reached skill level 20 in Fighting
 51056 | Depths:1 | Found the +14 obsidian axe {chop, +Fly SInv *Curse}
 51749 | Depths:1 | Found a gateway to Hell.
 51922 | Depths:1 | Found a gateway to a ziggurat.
 51922 | Depths:1 | Noticed an ancient lich
 51992 | Depths:1 | Received a gift from Trog
 52685 | Depths:3 | Noticed Jorgrun
 52699 | Depths:3 | Killed Jorgrun
 52746 | Depths:3 | Received a gift from Trog
 52757 | Depths:3 | Reached XP level 24. HP: 191/206 MP: 23/23
 52884 | Depths:3 | Noticed Margery
 52908 | Depths:3 | Killed Margery
 52909 | Depths:3 | Received a gift from Trog
 52917 | Depths:3 | Reached skill level 21 in Fighting
 52938 | Depths:3 | Noticed the Enchantress
 52947 | Depths:3 | Killed the Enchantress
 53260 | Depths:3 | Found a one-way gate leading to the halls of Pandemonium.
 53366 | Depths:3 | Received a gift from Trog
 54192 | Depths:4 | Found a one-way gate to the infinite horrors of the Abyss.
 54367 | Depths:4 | Found Nokkif's Gadget Shop.
 54367 | Depths:4 | Found Qiamicw's Jewellery Emporium.
 54368 | Depths:4 | Found Jangat's Gadget Shop.
 54660 | Depths:4 | Noticed a caustic shrike
 54674 | Depths:4 | Killed a caustic shrike
 54710 | Depths:4 | HP: 7/208 [tengu reaver/great mace of crushing (19)]
 54710 | Depths:4 | HP: 1/208 [tengu reaver/great mace of crushing (6)]
 54712 | Depths:4 | Killed from afar by a battlesphere

Skill      XL: |  1  2  3  4  5  6  7  8  9 10 11 12 13 14 15 16 17 18 19 20 21 22 23 24 |
---------------+-------------------------------------------------------------------------+-----
Axes           | 4 5 6 7 9 10 12 13 14 16 17 18 19 20 | 20.0
Fighting       | 4 5 6 8 9 10 11 12 13 14 15 16 17 18 19 20 21 | 21.4
Armour         | 5 7 8 10 11 12 13 14 15 16 17 18 19 | 19.7
Dodging        | 3 6 8 10 11 13 14 15 16 | 16.8
Shields        | 4 5 7 8 |  8.9

Action                   |  1- 3 |  4- 6 |  7- 9 | 10-12 | 13-15 | 16-18 | 19-21 | 22-24 || total
-------------------------+-------+-------+-------+-------+-------+-------+-------+-------++-------
Melee: Hand axe          |    86 |   241 |   125 |   548 |   317 |       |       |       ||  1317
       War axe           |       |       |   192 |    45 |       |       |       |       ||   237
       Battleaxe         |       |       |       |       |   753 |  1268 |    79 |       ||  2100
       Broad axe         |       |       |       |       |       |       |  1064 |  1153 ||  2217
Invok: Berserk           |     2 |     2 |     3 |    15 |    14 |    10 |     2 |     3 ||    51
       Burn Spellbooks   |       |     1 |       |     4 |     4 |     2 |     2 |     4 ||    17
       Trog's Hand       |       |     1 |       |     1 |     9 |    13 |     1 |     5 ||    30
       Brothers in Arms  |       |       |       |     2 |     3 |     6 |     2 |     2 ||    15
Evoke: Wand              |       |       |       |     7 |     5 |    10 |     2 |     3 ||    27
  Use: Scroll            |       |       |    14 |    10 |    11 |    15 |     6 |     3 ||    59
       Potion            |       |       |       |     1 |     7 |    13 |     2 |     4 ||    27
 Stab: Paralysed         |       |       |       |     6 |       |     3 |       |       ||     9
       Distracted        |       |       |       |       |     2 |     1 |     1 |     1 ||     5
  Eat: Chunk             |     2 |     9 |    13 |    33 |    39 |    28 |    32 |    23 ||   179
       Ration            |       |       |       |     2 |     7 |     9 |       |     1 ||    19
Armor: Animal skin       |    16 |       |       |       |       |       |       |       ||    16
       Ring mail         |     8 |   101 |    36 |    15 |   210 |       |       |       ||   370
       Chain mail        |       |       |   129 |   201 |       |       |       |       ||   330
       Plate armour      |       |       |       |       |   211 |   884 |   351 |   274 ||  1720
Dodge: Dodged            |    66 |   129 |   113 |   166 |   469 |   799 |   468 |   533 ||  2743
Block: Other             |       |       |       |       |       |   134 |    11 |       ||   145
       Buckler           |       |       |       |       |       |       |   536 |   576 ||  1112
       Reflection        |       |       |       |       |       |       |    55 |    24 ||    79
